 Dungeon Crawl Stone Soup version 0.21.0 (webtiles) character file.

410 Leibowitz the Cutter (level 7, -3/41 HPs)
             Began as a Kobold Gladiator on Jan 7, 2018.
             Slain by a centaur zombie (4 damage)
             ... in an ossuary.
             The game lasted 00:09:33 (2910 turns).

Leibowitz the Cutter (Kobold Gladiator)             Turns: 2910, Time: 00:09:34

Health: -3/41      AC:  4    Str: 11    XL:     7   Next: 13%
Magic:  7/7        EV: 17    Int:  9    God:
Gold:   140        SH:  0    Dex: 19    Spells: 6/6 levels left

rFire    . . .     SeeInvis .   a - +1 rapier
rCold    . . .     Gourm    .   (shield restricted)
rNeg     . . .     Faith    +   b - +0 leather armour
rPois    .         Spirit   .   c - +0 helmet
rElec    .         Reflect  .   (no cloak)
rCorr    .         Harm     .   (no gloves)
MR       .....                  (no boots)
Stlth    ++........             g - amulet of faith
HPRegen  0.13/turn              (no ring)
MPRegen  0.10/turn              (no ring)

@: no status effects
A: small, carnivore
a: no special abilities


You were in an ossuary.
You were very full.

You visited 1 branch of the dungeon, and saw 5 of its levels.
You also visited: Ossuary.

You collected 140 gold pieces.

Inventory:

Hand Weapons
 a - a +1 rapier (weapon)
Armour
 b - a +0 leather armour (worn)
 c - a +0 helmet (worn)
Jewellery
 g - an amulet of faith (around neck)
Scrolls
 h - a scroll of fear
 i - a scroll of identify
 j - a scroll of teleportation {unknown}
 k - a scroll of enchant weapon
 n - a scroll of blinking {unknown}
 o - a scroll of remove curse {unknown}
 p - a scroll of enchant armour {unknown}
Potions
 l - a potion of resistance
Comestibles
 f - 4 rations


   Skills:
 * Level 3.4 Fighting
 * Level 7.3 Short Blades
 - Level 2.1 Throwing
 + Level 1.2 Armour
 * Level 5.0 Dodging
 * Level 3.3 Stealth


You had 6 spell levels left.
You didn't know any spells.

Dungeon Overview and Level Annotations

Branches:
Dungeon (5/15)
 Temple: D:4-7

Altars:

Annotations:
D:4 Nicoed's ghost, novice GrFi


Innate Abilities, Weirdness & Mutations

You are small and have problems with some larger weapons.
You are carnivorous and can eat meat at any time.


Message History

The centaur zombie barely misses you. The centaur zombie barely misses you.
You hit the rat zombie.
The rat zombie is heavily damaged.
The centaur zombie hits you.
* * * LOW HITPOINT WARNING * * *
The rat zombie closely misses you.
You hit the rat zombie.
You destroy the rat zombie!
The centaur zombie barely misses you. The centaur zombie misses you.
The centaur zombie hits you.
* * * LOW HITPOINT WARNING * * *
Okay, then.
Throwing (i - inventory):
d - a throwing net (quivered)
Press: ? - help, Shift-Dir - straight line, f - adder zombie
Aim: an adder zombie You throw a throwing net.
The throwing net hits the adder zombie.
The adder zombie is caught in the net!
The centaur zombie hits you.
You die...

#...# #.... #...#
#.MZ# #.... #...#
#..Z# #..... #Z..#
#...# #...# #.ZZ#
#...# #...# #...#
#...# #...#
#...##############...#
#...Z.ZZ..Z@.........#
#.........Z∩.........#
######################


You could see an adder zombie (caught), 2 kobold zombies, a big kobold zombie
and a centaur zombie.

Vanquished Creatures
  A phantom (D:3)
  A scorpion (D:4)
  A hound (D:2)
  2 centaur zombies (Ossuary)
  2 worker ants
  6 adders (D:2)
  2 oozes (D:1)
  2 worms (D:2)
  3 leopard geckos
  6 bats
  3 giant cockroaches (D:2)
  6 goblins
  6 hobgoblins
  2 jackals (D:1)
  3 quokkas
  A ball python (D:1)
  4 frilled lizards
  6 hobgoblin zombies
  8 kobolds
  10 kobold zombies (Ossuary)
  5 orc zombies (Ossuary)
  5 rats
  A rat zombie (Ossuary)
86 creatures vanquished.

Notes
Turn   | Place    | Note
-------+----------+-------------------------------------------
     0 | D:1      | Leibowitz the Kobold Gladiator began the quest for the Orb.
     0 | D:1      | Reached XP level 1. HP: 12/12 MP: 1/1
   127 | D:1      | Reached XP level 2. HP: 17/17 MP: 2/2
   275 | D:1      | Reached skill level 1 in Stealth
   275 | D:1      | Reached XP level 3. HP: 18/22 MP: 3/3
  1209 | D:2      | Reached skill level 5 in Short Blades
  1209 | D:2      | Reached XP level 4. HP: 12/27 MP: 4/4
  1332 | D:2      | Reached XP level 5. HP: 19/31 MP: 5/5
  1518 | D:2      | Reached skill level 6 in Short Blades
  1929 | D:3      | You fall through a shaft for 2 floors!
  1929 | D:5      | Entered Level 5 of the Dungeon
  1962 | D:4      | Reached skill level 1 in Armour
  1962 | D:4      | Reached XP level 6. HP: 17/37 MP: 6/6
  1977 | D:4      | Noticed Nicoed's ghost (novice GrFi)
  1988 | D:4      | Noticed a phantom
  2021 | D:3      | Killed a phantom
  2355 | D:4      | Reached skill level 7 in Short Blades
  2380 | D:4      | Found a sand-covered staircase.
  2390 | Ossuary  | Entered an ossuary
  2796 | Ossuary  | Reached XP level 7. HP: 24/41 MP: 7/7
  2886 | Ossuary  | Reached skill level 5 in Dodging
  2908 | Ossuary  | HP: 1/41 [centaur zombie (5)]
  2910 | Ossuary  | Slain by a centaur zombie

Skill      XL: |  1  2  3  4  5  6  7 |
---------------+----------------------+-----
Dodging        | 4 5 |  5.0
Stealth        | 1 2 3 |  3.3
Short Blades   | 5 6 7 |  7.3
Fighting       | 3 |  3.4
Armour         | 1 |  1.2
Throwing       | |  2.1

Action                   |  1- 3 |  4- 6 |  7- 9 || total
-------------------------+-------+-------+-------++-------
Melee: Rapier            |    96 |   210 |    32 ||   338
Throw: Throwing net      |     1 |       |     2 ||     3
  Use: Scroll            |       |     4 |       ||     4
       Potion            |       |     3 |       ||     3
 Stab: Sleeping          |     2 |     2 |       ||     4
       Distracted        |       |     1 |       ||     1
  Eat: Chunk             |     9 |     4 |       ||    13
Armor: Leather armour    |    22 |    32 |    10 ||    64
Dodge: Dodged            |    75 |   192 |    64 ||   331
